 Dungeon Crawl Stone Soup version 0.29.1-12-g30fa7ad0bf (webtiles) character file.

Game seed: 11915573851270757405

151 bubby the Firebug (level 5, -3/35 HPs)
             Began as a Demonspawn Fire Elementalist on Jan 12, 2023.
             Killed by nerve-wracking pain
             ... invoked by an orc priest
              (4 damage)
             ... on level 3 of the Dungeon.
             The game lasted 00:09:30 (3379 turns).

bubby the Firebug (Demonspawn Fire Elementalist)    Turns: 3379, Time: 00:09:32

Health: -3/35      AC:  2    Str:  9    XL:     5   Next: 11%
Magic:  1/9        EV: 12    Int: 18    God:
Gold:   88         SH:  0    Dex: 13    Spells: 8/9 levels left

rFire   . . .      SeeInvis .   f - +2 dagger (speed)
rCold   . . .      Faith    .   (no shield)
rNeg    . . .      Spirit   .   a - +0 robe
rPois   .          Reflect  .   (no helmet)
rElec   .          Harm     .   (no cloak)
rCorr   .          Rampage  .   (no gloves)
Will    .....                   (no boots)
Stlth   ++........              (no amulet)
HPRegen 0.11/turn               (no ring)
MPRegen 0.11/turn               (no ring)

@: mighty, on berserk cooldown, slowed, very slow
A: powered by pain 1, demonic touch 2
a: no special abilities


You were on level 3 of the Dungeon.
You visited 1 branch of the dungeon, and saw 3 of its levels.

You collected 114 gold pieces.
You spent 26 gold pieces at shops.

Inventory:

Hand Weapons
 f - a +2 dagger of speed (weapon)
Missiles
 l - 5 atropa-tipped darts
Armour
 a - a +0 robe (worn)
 h - an orb of wrath
Wands
 n - a wand of mindburst (21)
 r - a wand of quicksilver (8)
Scrolls
 c - 2 scrolls of summoning {unknown}
 e - 2 scrolls of teleportation {unknown}
 g - 4 scrolls of identify
 i - a scroll of immolation {unknown}
 k - a scroll of enchant weapon {unknown}
 o - a scroll of fear {unknown}
Potions
 b - a potion of magic
 d - a potion of haste {unknown}
 j - a potion of brilliance {unknown}
 m - a potion of attraction {unknown}
 p - a potion of flight {unknown}
 q - a potion of berserk rage


   Skills:
 + Level 2.6 Dodging
 + Level 2.7 Stealth
 + Level 2.7 Spellcasting
 + Level 2.3 Conjurations
 + Level 3.3 Fire Magic


You had 8 spell levels left.
You knew the following spells:

 Your Spells              Type           Power      Damage    Failure   Level
a - Foxfire               Conj/Fire      48%        2x1d6     5%          1

Your spell library contained the following spells:

 Spells                   Type           Power      Damage    Failure   Level
 Scorch                   Fire           28%        2d6       6%          2
 Conjure Flame            Conj/Fire      12%        6-21      16%         3
 Sublimation of Blood     Necr           2%         N/A       26%         2
 Inner Flame              Hex/Fire       8%         N/A       26%         3
 Flame Wave               Conj/Fire      12%        2d6       45%         4
 Petrify                  Tmut/Erth      2%         N/A       86%         4
 Irradiate                Conj/Tmut      3%         3d12      96%         5


Dungeon Overview and Level Annotations

Branches:
Dungeon (3/15)

Altars:
Hepliaklqana

Shops:
D:1 *!


Innate Abilities, Weirdness & Mutations

You sometimes gain a little power by taking damage.
Your touch may inflict irresistible damage on your foes.


Message History

The orc wizard is moderately wounded.
The orc priest misses you.
The orc priest attacks as you move away!
The orc priest hits you with a +4 dagger.
The orc wizard gestures at you while chanting.
The puff of flame misses you.
The orc priest calls down the wrath of Beogh upon you.
Pain shoots through your body!
It was a potion of berserk rage.
A red film seems to cover your vision as you go berserk!
You feel yourself moving faster!
You feel mighty!
The orc priest casts a cantrip, but nothing happens.
The orc wizard hits you with a +0 dagger.
You are too injured to fight recklessly!
You are too injured to fight recklessly!
You puncture the orc!
You kill the orc!
You're too confused to move!
You feel a strong urge to attack something.
The orc wizard closely misses you.
Your magical contamination has completely faded away.
You feel your anger nearly subside.
You are no longer berserk.
You are exhausted.
You feel yourself slow down.
The orc wizard hits you with a +0 dagger.
* * * LOW HITPOINT WARNING * * *
You bump into the rock wall.
You feel less confused.
The orc wizard casts a spell.
The orc wizard flickers and vanishes!
Deactivating autopickup; reactivate with Ctrl-A.
The orc priest hits you with a +4 dagger!
* * * LOW HITPOINT WARNING * * *
You focus on the pain.
You feel very mighty all of a sudden. Something hits you.
* * * LOW HITPOINT WARNING * * *
The orc priest calls down the wrath of Beogh upon you.
Pain shoots through your body!
You die...

#.# #○☼§# #....#.... #.#
#§○☼# #......... #.##
#...#####.........
#..####.................
##.o.........)..#..####.
######)............# #.
#).....##.#...#
#.{....#......#
#@o.##.#.######
#...##.#. #...##.##
#...##.. ######.. #<..
.##


You could see an orc priest.

Vanquished Creatures
  A hound (D:3)
  Jessica (D:2)
  An orc wizard (D:3)
  An adder (D:2)
  2 dart slugs
  5 orcs (D:3)
  7 endoplasms
  A giant cockroach (D:1)
  5 goblins
  7 hobgoblins
  3 jackals (D:1)
  3 kobolds
  A quokka (D:1)
  4 bats
  5 frilled lizards
  5 rats
52 creatures vanquished.

Vanquished Creatures (others)
  200 foxfires
  4 plants (D:3)
204 creatures vanquished.

Grand Total: 256 creatures vanquished

Notes
Turn   | Place    | Note
-------+----------+-------------------------------------------
     0 | D:1      | bubby the Demonspawn Fire Elementalist began the quest for
                  | the Orb.
     0 | D:1      | Reached XP level 1. HP: 13/13 MP: 3/3
   194 | D:1      | Gained mutation: You sometimes gain a little power by
                  | taking damage. [demonic ancestry]
   194 | D:1      | Reached XP level 2. HP: 12/19 MP: 0/5
   438 | D:1      | Found Xoanuq's Distillery.
   589 | D:1      | Found a faded altar of an unknown god.
   758 | D:1      | Found Ahuan's General Store.
   766 | D:1      | Bought a scroll of identify for 26 gold pieces
  1484 | D:2      | Gained mutation: Your touch may inflict minor irresistible
                  | damage on your foes. [demonic ancestry]
  1484 | D:2      | Reached XP level 3. HP: 21/24 MP: 2/6
  1543 | D:2      | Reached skill level 3 in Fire Magic
  2049 | D:2      | Noticed Jessica
  2053 | D:2      | Killed Jessica
  2059 | D:2      | Reached XP level 4. HP: 16/30 MP: 3/7
  3041 | D:3      | Found a hazy altar of Hepliaklqana.
  3145 | D:3      | Gained mutation: Your touch may inflict irresistible damage
                  | on your foes. [demonic ancestry]
  3145 | D:3      | Reached XP level 5. HP: 27/35 MP: 3/9
  3379 | D:3      | HP: 1/35 [something (2)]
  3379 | D:3      | Killed from afar by an orc priest

Illustrated notes

Levels and vault maps discovered:
D:1:      dpeg_arrival_fog, layout_basic,
          dreamdust_ecumenical_altar_angels_and_demons, serial_shops,
          nicolae_shop_crystal, shop, minmay_misc_feat_rows,
          chequers_serial_rivers_micro_c
D:2:      minmay_evil_eye, layout_basic, uniq_jessica
D:3:      layout_basic, nicolae_hepliaklqana_hazy_memory, fedhas_altar_1,
          lemuel_zombie_altar_kikubaaqudgha, nzn_wu_jian_council_hall,
          supply_closet_lemuel, lemuel_flame_loot_1

Skill      XL: |  1  2  3  4 |
---------------+-------------+-----
Stealth        | 2 |  2.7
Dodging        | 2 |  2.6
Fire Magic     | 3 |  3.3
Conjurations   | 2 |  2.3
Spellcasting   | |  2.7

Action                   |  1- 3 |  4- 6 || total
-------------------------+-------+-------++-------
Melee: Dagger            |    44 |     4 ||    48
       Punch             |     1 |       ||     1
       Touch             |     2 |       ||     2
 Cast: Foxfire           |    71 |    57 ||   128
  Use: Potion            |       |     1 ||     1
 Stab: Sleeping          |     1 |       ||     1
Armor: Robe              |     2 |     1 ||     3
Dodge: Dodged            |    13 |     7 ||    20
